 Dungeon Crawl Stone Soup version 0.25-a0-435-g4b9beb1024 (webtiles) character file.

Game seed: 3268655369560999122, levelgen mode: deterministic

748 kae the Changer (level 7, -3/52 HPs)
             Began as a Black Draconian Transmuter on Jan 29, 2020.
             Slain by a centaur (7 damage)
             ... on level 5 of the Dungeon.
             The game lasted 00:04:45 (5924 turns).

kae the Changer (Black Draconian Transmuter)        Turns: 5924, Time: 00:04:45

Health: -3/52      AC:  2    Str: 12    XL:     7   Next: 48%
Magic:  2/10       EV: 19    Int: 13    God:
Gold:   218        SH:  0    Dex: 19    Spells: 4/10 levels left

rFire    . . .     SeeInvis .     - Unarmed
rCold    . . .     Gourm    .   (shield currently unavailable)
rNeg     . . .     Faith    +   (armour unavailable)
rPois    x         Spirit   .   (helmet currently unavailable)
rElec    .         Reflect  .   (cloak currently unavailable)
rCorr    .         Harm     .   (gloves currently unavailable)
MR       .....                  (boots currently unavailable)
Stlth    ++........             e - amulet of faith
HPRegen  0.17/turn              (no ring)
MPRegen  0.12/turn              (no ring)

@: spider-form (expiring)
A: tiny, (breathe lightning), unfitting armour, AC +6
a: End Transformation


You were on level 5 of the Dungeon.
You were hungry.
You were a venomous arachnid creature.
You visited 1 branch of the dungeon, and saw 5 of its levels.
You also visited: Sewer.

You collected 218 gold pieces.

Inventory:

Hand Weapons
 f - a +2 dagger of venom (melded)
Missiles
 a - 33 arrows
Armour
 n - a scarf of spirit shield (melded)
Jewellery
 e - an amulet of faith (around neck)
Wands
 i - a wand of acid (7)
Scrolls
 b - a scroll of remove curse
 r - a scroll of enchant armour
Potions
 g - 7 potions of curing
 h - 3 potions of heal wounds
 j - 2 potions of brilliance
 l - a potion of might {unknown}
 m - 2 potions of agility {unknown}
 o - 2 potions of flight
 q - 2 potions of mutation {unknown}
Comestibles
 c - 3 rations


   Skills:
 - Level 1.1 Fighting
 - Level 1.7 Dodging
 + Level 5.6 Unarmed Combat
 - Level 2.0 Spellcasting
 * Level 7.1 Transmutations


You had 4 spell levels left.
You knew the following spells:

 Your Spells              Type           Power        Failure   Level  Hunger
a - Beastly Appendage     Tmut           ###...       6%          1    ##.....
b - Sticks to Snakes      Tmut           ###.....     8%          2    ###....
c - Spider Form           Tmut/Pois      ##........   38%         3    ####...

Your spell library contained the following spells:

 Spells                   Type           Power        Failure   Level  Hunger
 Ice Form                 Ice/Tmut       ##......     73%         4    #####..
 Petrify                  Tmut/Erth      ##......     73%         4    #####..
 Confusing Touch          Hex            #.......     78%         3    ####...
 Gell's Gravitas          Tloc           #.........   78%         3    ####...
 Blade Hands              Tmut           ###.......   58%         5    ######.
 Yara's Violent Unravell  Hex/Tmut       ##........   95%         5    ######.
 Metabolic Englaciation   Hex/Ice        #.........   100%        5    ######.


Dungeon Overview and Level Annotations

Branches:
Dungeon (5/15)              Sewer (visited)
 Temple: D:4-7

Altars:
Trog


Innate Abilities, Weirdness & Mutations

((You can breathe wild blasts of lightning.))
((Your glossy black scales are hard. (AC +6)))
You cannot fit into any form of body armour.
((You are resistant to electric shocks. (rElec)))
((You are cold-blooded and may be slowed by cold attacks.))


Message History

The centaur misses you.
You bite the centaur!
The centaur is severely wounded.
The centaur hits you.
* * * LOW HITPOINT WARNING * * *
You hit the centaur but do no damage.
The centaur is severely wounded.
The centaur hits you.
* * * LOW HITPOINT WARNING * * *
The centaur misses you.
You hit the centaur but do no damage.
The centaur is poisoned.
The centaur is severely wounded.
The centaur hits you.
* * * LOW HITPOINT WARNING * * *
You hit the centaur.
The centaur looks as sick as possible!
The centaur is almost dead.
Your transformation is almost over.
The worker ant waves its antennae.
The centaur hits you!
You die...

# #.# #. #.# ##.####
#.# ......### #.#
.#......######.########
...##.................
.#.....<#####.####..##
.####.###
#.####..####.# .###...#
#(..sca......# ..))<..#
#..###(.##.#.# ####...#
#..# #..# #...# #..#
#.c.. #...# ##>. ..##.#
#..... ##. #.. ...
#...### ..### #.. .....
.. ... ....<.. ..


You could see a centaur and a worker ant.

Vanquished Creatures
  A phantom (D:5)
  Blork the orc (D:4)
  2 big kobolds (Sewer)
  A hound (D:5)
  3 orc wizards
  A bullfrog skeleton (D:4)
  A worker ant (D:2)
  8 adders
  7 river rats (Sewer)
  3 oozes
  2 adder skeletons (D:4)
  4 worms
  6 dart slugs
  A leopard gecko (D:2)
  8 orcs
  7 ball pythons
  6 giant cockroaches
  9 goblins
  14 hobgoblins
  9 jackals
  3 bats
  8 frilled lizards
  18 kobolds
  A leopard gecko skeleton (D:4)
  22 rats
146 creatures vanquished.

Notes
Turn   | Place    | Note
-------+----------+-------------------------------------------
     0 | D:1      | kae the Draconian Transmuter began the quest for the Orb.
     0 | D:1      | Reached XP level 1. HP: 16/16 MP: 3/3
   213 | D:1      | Reached XP level 2. HP: 23/23 MP: 3/5
   399 | D:1      | Reached skill level 3 in Transmutations
   607 | D:1      | Reached XP level 3. HP: 28/28 MP: 4/6
   643 | D:1      | Learned a level 2 spell: Sticks to Snakes
   910 | D:1      | Learned a level 3 spell: Spider Form
  1453 | D:2      | Reached XP level 4. HP: 34/35 MP: 7/7
  1483 | D:2      | Reached skill level 4 in Transmutations
  2544 | D:3      | Found a bloodstained altar of Trog.
  2548 | D:3      | Reached XP level 5. HP: 24/40 MP: 8/8
  2788 | D:3      | HP: 2/40 [something/puff of flame (10)]
  3237 | D:3      | Reached skill level 5 in Transmutations
  3909 | D:4      | Found a glowing drain.
  3931 | D:4      | Noticed Blork the orc
  3949 | D:4      | Killed Blork the orc
  3949 | D:4      | Reached XP level 6. HP: 36/47 MP: 6/9
  4122 | Sewer    | Entered a sewer
  4213 | Sewer    | Reached skill level 5 in Unarmed Combat
  4213 | Sewer    | Reached skill level 6 in Transmutations
  4318 | Sewer    | Your scales start taking on a glossy black colour.
  4318 | Sewer    | Reached XP level 7. HP: 30/52 MP: 6/10
  4318 | Sewer    | Gained mutation: You are resistant to electric shocks.
                  | (rElec) [Black Draconian growth]
  5726 | D:5      | Entered Level 5 of the Dungeon
  5783 | D:5      | Reached skill level 7 in Transmutations
  5924 | D:5      | Slain by a centaur

Levels and vault maps discovered:
D:1:      roderic_dead_forest, layout_basic, chequers_arboretum,
          minmay_misc_feat_roman, minmay_pentomino_v4
D:2:      layout_rooms, minmay_misc_feat_pillars
D:3:      layout_basic, trog_three_pillars_becter
D:4:      layout_gridville, gup_sewer_entry_glass, first_ration,
          uniq_blork_the_orc
D:5:      layout_loops_cross, eat_drink_and_be_merry_uskayaw, minivault_25

Skill      XL: |  1  2  3  4  5  6  7 |
---------------+----------------------+-----
Transmutations | 3 4 5 6 7 |  7.1
Unarmed Combat | 4 5 |  5.6
Fighting       | |  1.1
Dodging        | |  1.7
Spellcasting   | |  2.0

Action                   |  1- 3 |  4- 6 |  7- 9 || total
-------------------------+-------+-------+-------++-------
Melee: Unarmed           |   101 |    48 |    79 ||   228
       Kick              |    12 |     8 |     1 ||    21
       Punch             |     1 |     4 |     1 ||     6
       Tailslap          |     4 |    23 |    12 ||    39
       Dagger            |     6 |   170 |    42 ||   218
       Headbutt          |       |     5 |     4 ||     9
 Cast: Beastly Appendage |    13 |    17 |     6 ||    36
       Spider Form       |       |     6 |     9 ||    15
       Sticks to Snakes  |       |       |     1 ||     1
  Use: Scroll            |       |    10 |     3 ||    13
       Potion            |       |     4 |     1 ||     5
  Eat: Chunk             |     2 |     7 |     3 ||    12
       Ration            |       |     1 |     1 ||     2
Armor: Skin              |    22 |    90 |    18 ||   130
Dodge: Dodged            |    57 |   172 |    97 ||   326

Table legend:
 A = Non-vault XP
 B = Vault XP
 C = Vault XP percentage of total XP
 D = Non-vault monster count
 E = Vault monster count
 F = Vault count percentage of total count
                 A         B        C        D         E       F
            +---------+---------+-------+---------+---------+-------
      Total |     579 |     490 |  45.8 |      89 |      57 |  39.0
            +---------+---------+-------+---------+---------+-------
        D:1 |      55 |       7 |  11.3 |      25 |       4 |  13.8
        D:2 |      97 |       0 |   0.0 |      22 |       0 |   0.0
        D:3 |     145 |       0 |   0.0 |      22 |       0 |   0.0
        D:4 |      77 |     149 |  65.9 |      12 |       5 |  29.4
        D:5 |     205 |       0 |   0.0 |       8 |       0 |   0.0
      Sewer |       0 |     334 | 100.0 |       0 |      48 | 100.0
            +---------+---------+-------+---------+---------+-------
